 Dungeon Crawl Stone Soup version 0.19-a0-994-g3c636f0 (webtiles) character file.

77 Goblin1989 the Cutter (level 4, -8/30 HPs)
             Began as a Halfling Fighter on July 16, 2016.
             Killed from afar by an orc wizard (10 damage)
             ... with a magic dart
             ... on level 3 of the Dungeon.
             The game lasted 00:02:25 (1206 turns).

Goblin1989 the Cutter (Halfling Fighter)            Turns: 1206, Time: 00:02:26

Health: -8/30      AC:  6    Str: 17    XL:     4   Next: 58%
Magic:  4/4        EV:  8    Int:  7    God:
Gold:   88         SH:  9    Dex: 13    Spells: 0 memorised, 3 levels left

rFire  . . .     SeeInvis .     a - +0 rapier
rCold  . . .     Gourm    .     b - +0 scale mail
rNeg   . . .     Faith    .     c - +0 shield
rPois  .         Spirit   .     (no helmet)
rElec  .         Dismiss  .     (no cloak)
rCorr  .         Reflect  .     (no gloves)
SustAt .         Harm     .     (no boots)
MR     .....                    (no amulet)
Stlth  ..........               (no ring)
                                (no ring)

@: not resistant to hostile enchantments, extremely unstealthy
A: mutation resistance 1
a: no special abilities


You were on level 3 of the Dungeon.
You were very hungry.

You visited 1 branch of the dungeon, and saw 3 of its levels.

You collected 88 gold pieces.

Inventory:

Hand Weapons
 a - a +0 rapier (weapon)
Armour
 b - a +0 scale mail (worn)
 c - a +0 shield (worn)
Jewellery
 q - an uncursed ring of stealth {unknown}
Scrolls
 e - a scroll of amnesia {unknown}
 h - 3 scrolls of remove curse {unknown}
 j - a scroll of enchant weapon {unknown}
 k - a scroll of identify {unknown}
 l - 3 scrolls of magic mapping {unknown}
Potions
 d - 2 potions of might
 i - 2 potions of haste {unknown}
 m - a potion of flight {unknown}
 p - a potion of degeneration {unknown}
Comestibles
 f - 2 bread rations
 g - 2 beef jerkies
 n - a slice of pizza
 o - a meat ration


   Skills:
 - Level 2.6 Fighting
 + Level 5.9 Short Blades
 - Level 3.2 Armour
 - Level 3.2 Shields


You had 3 spell levels left.
You didn't know any spells.

Dungeon Overview and Level Annotations

Branches:
Dungeon (3/15)

Altars:
Cheibriados
Okawaru
The Shining One


Innate Abilities, Weirdness & Mutations

You are small and have problems with some larger weapons.
You are somewhat resistant to further mutation.


Message History

The orc wizard casts a spell at you. The magic dart hits you!
You take 4 damage, and have 10/30 hp.
You barely miss the orc wizard. The orc wizard barely misses you.
You barely miss the orc wizard.
The orc wizard points at you and mumbles some strange words.
The puff of flame hits you!
* * * LOW HITPOINT WARNING * * *
You take 9 damage, and have 1/30 hp.
MASSIVE DAMAGE!!
You hit the orc wizard but do no damage.
You block the orc wizard's attack.
You closely miss the orc wizard. You block the orc wizard's attack.
You closely miss the orc wizard.
The orc wizard hits you but does no damage.
You barely miss the orc wizard.
The orc wizard hits you but does no damage.
You closely miss the orc wizard. The orc wizard casts a spell at you.
The magic dart hits you!
You die...

########### .......
#.........# .......
#.#######.# .......
#.......#@# .....$.
#.<.###.#o# .......
##.....[.#b# .?.....
#...#....#o###.......
#.###..#..g..go......
#####.......>............
#...#..###.......########
#.#.#(.#.......#.#
#.#)...#.###.....#


You could see an orc wizard, an orc, a goblin and a bat.

Vanquished Creatures
  Jessica (D:3)
  2 adders (D:3)
  2 orcs (D:3)
  A giant cockroach (D:2)
  4 goblins
  5 hobgoblins
  5 kobolds
  A quokka (D:3)
  4 bats
  A giant newt (D:1)
  3 rats
29 creatures vanquished.

Notes
Turn   | Place    | Note
-------+----------+-------------------------------------------
     0 | D:1      | Goblin1989 the Halfling Fighter began the quest for the Orb.
     0 | D:1      | Reached XP level 1. HP: 15/15 MP: 1/1
    60 | D:1      | Reached skill level 3 in Short Blades
    73 | D:1      | Found an iron altar of Okawaru.
   227 | D:1      | Reached XP level 2. HP: 20/20 MP: 2/2
   469 | D:2      | Found a glowing golden altar of the Shining One.
   526 | D:2      | Reached skill level 4 in Short Blades
   875 | D:2      | Reached XP level 3. HP: 25/25 MP: 3/3
   892 | D:2      | Found a snail-covered altar of Cheibriados.
  1106 | D:3      | Noticed Jessica
  1140 | D:3      | Killed Jessica
  1140 | D:3      | Reached skill level 5 in Short Blades
  1140 | D:3      | Reached XP level 4. HP: 20/30 MP: 4/4
  1201 | D:3      | HP: 1/30 [orc wizard/puff of flame (9)]
  1206 | D:3      | Killed from afar by an orc wizard

Vault maps used:
D:1:      roderic_crossed_star, okawaru_ov_weapons_minmay
D:2:      old_standard_altar, first_bread, nicolae_tso_carved_into_rock
D:3:      uniq_jessica, uniq_grinder, uniq_robin

Skill      XL: |  1  2  3 |
---------------+----------+-----
Short Blades   | 3 4 5 |  5.9
Fighting       | |  2.6
Armour         | |  3.2
Shields        | |  3.2

Action                   |  1- 3 |  4- 6 || total
-------------------------+-------+-------++-------
Melee: Rapier            |    94 |    35 ||   129
Armor: Scale mail        |    31 |    14 ||    45
Dodge: Dodged            |    21 |     7 ||    28
Block: Shield            |    46 |    16 ||    62
